| TOP OF THE 1ST |
|
Staten Island Yankees batting - Pitching for Lowell Spinners : RHP Nherbert Silivan
|
|
Pitching: RHP Nherbert Silivan
|
|
|
Batting: RHB Norimoto Miyanishi
|
0-0: Ball 1-0: Foul Ball, location: 2F 1-1: Ball 2-1: Foul Ball, location: 2F 2-2: Strikes out swinging
|
|
Batting: LHB Dario Segura
|
0-0: Called Strike 0-1: Foul Ball, location: 2F 0-2: SINGLE (Line Drive, 9LM, EV 102.5 MPH)
|
|
Batting: RHB Pat Pemberton
|
0-0: Ball 1-0: Called Strike 1-1: Ball 2-1: Foul Ball, location: 2F 2-2: Fielders Choice at 2nd, 1-4 (Groundball, P, EV 63.8 MPH)
|
|
Batting: SHB Tadaaki Kondo
|
0-0: Called Strike 0-1: Hit by Pitch Pat Pemberton to second
|
|
Batting: LHB Mike Schermerhorn
|
0-0: Called Strike 0-1: Called Strike 0-2: Ball 1-2: Foul Ball, location: 2F 1-2: Foul Ball, location: 2F 1-2: Ball 2-2: Strikes out swinging
|
| Top of the 1st over - 0 runs, 1 hit, 0 errors, 2 left on base; Staten Island 0 - Lowell 0 |
| BOTTOM OF THE 1ST |
|
Lowell Spinners batting - Pitching for Staten Island Yankees : RHP Jake Bryant
|
|
Pitching: RHP Jake Bryant
|
|
|
Batting: RHB Aukukero Tairi
|
0-0: Ball 1-0: Swinging Strike 1-1: SINGLE (Line Drive, 56, EV 106.2 MPH)
|
|
Batting: RHB Xavier Joslin
|
0-0: Called Strike 0-1: Foul Ball, location: 2F 0-2: Ball 1-2: Ball 2-2: Ball 3-2: Strikes out swinging
|
|
Batting: SHB Salvador Padilla
|
0-0: Called Strike 0-1: Ball 1-1: Ball 2-1: Ball 3-1: Base on Balls Aukukero Tairi to second
|
|
Batting: RHB Tony Gallegos
|
0-0: Ball 1-0: Foul Ball, location: 2F 1-1: Ball 2-1: 3-RUN HOME RUN (Flyball, 7LD, EV 96.9 MPH), Distance : 350 ft
|
|
Batting: RHB Raul Sanchez
|
0-0: Ball 1-0: Ball 2-0: SINGLE (Line Drive, 89M, EV 106.2 MPH)
|
|
Batting: RHB Matt Parker
|
0-0: Called Strike 0-1: Foul Ball, location: 2F 0-2: Strikes out looking
|
|
Batting: RHB Willie Camacho
|
0-0: Ground out 5-3 (Groundball, 15, EV 92.5 MPH)
|
| Bottom of the 1st over - 3 runs, 3 hits, 0 errors, 1 left on base; Staten Island 0 - Lowell 3 |
| TOP OF THE 2ND |
|
Staten Island Yankees batting - Pitching for Lowell Spinners : RHP Nherbert Silivan
|
|
Batting: RHB Edite Leoni
|
0-0: Called Strike 0-1: SINGLE (Groundball, 56, EV 101.2 MPH)
|
|
Batting: SHB Adam Slade
|
0-0: Foul Ball, location: 2F 0-1: Foul Ball, location: 2F 0-2: Foul Ball, location: 2F 0-2: Ball 1-2: Foul Ball, location: 2F 1-2: Foul Ball, location: 2F 1-2: Strikes out swinging
|
|
Batting: RHB Matt Thompson
|
0-0: Foul Ball, location: 2F 0-1: Ball 1-1: Ball 2-1: Foul Ball, location: 2F 2-2: Foul Ball, location: 2F 2-2: Ball 3-2: Foul Ball, location: 2F 3-2: Strikes out swinging
|
|
Batting: RHB Jesus Ruiz
|
0-0: SINGLE (Groundball, 34, EV 95.0 MPH) Edite Leoni to second Runner from 2nd tries for 3rd, SAFE, no throw by RF
|
|
Batting: RHB Norimoto Miyanishi
|
0-0: Ball 1-0: Ball 2-0: Ball 3-0: Called Strike 3-1: Foul Ball, location: 2F 3-2: Fly out, F9 (Flyball, 9D, EV 97.5 MPH)
|
| Top of the 2nd over - 0 runs, 2 hits, 0 errors, 2 left on base; Staten Island 0 - Lowell 3 |
| BOTTOM OF THE 2ND |
|
Lowell Spinners batting - Pitching for Staten Island Yankees : RHP Jake Bryant
|
|
Batting: LHB Robert Gonzalez
|
0-0: Called Strike 0-1: Foul Ball, location: 2F 0-2: Ball 1-2: Ball 2-2: Foul Ball, location: 2F 2-2: Ball 3-2: Strikes out looking
|
|
Batting: RHB Jose Molina
|
0-0: Ball 1-0: Swinging Strike 1-1: Fly out, F9 (Flyball, 9D, EV 90.6 MPH)
|
|
Batting: RHB Aukukero Tairi
|
0-0: Called Strike 0-1: Ball 1-1: Ball 2-1: SINGLE (Line Drive, 8LS, EV 90.6 MPH)
|
|
Batting: RHB Xavier Joslin
|
0-0: Called Strike 0-1: Ball 1-1: Fly out, F8 (Flyball, 8RM, EV 84.4 MPH)
|
| Bottom of the 2nd over - 0 runs, 1 hit, 0 errors, 1 left on base; Staten Island 0 - Lowell 3 |
| TOP OF THE 3RD |
|
Staten Island Yankees batting - Pitching for Lowell Spinners : RHP Nherbert Silivan
|
|
Batting: LHB Dario Segura
|
0-0: Called Strike 0-1: Ball 1-1: Foul Ball, location: 2F 1-2: Strikes out swinging
|
|
Batting: RHB Pat Pemberton
|
0-0: Ball 1-0: Ball 2-0: Called Strike 2-1: Foul Ball, location: 2F 2-2: Foul Ball, location: 2F 2-2: Ball 3-2: Base on Balls
|
|
Batting: SHB Tadaaki Kondo
|
0-0: Ball 1-0: Ball 2-0: Called Strike 2-1: Fielders Choice at 2nd, 4-6 (Groundball, 4, EV 81.2 MPH)
|
|
Batting: LHB Mike Schermerhorn
|
0-0: Foul Ball, location: 2F Balk! Tadaaki Kondo to second 0-1: Swinging Strike 0-2: Ball 1-2: Ball 2-2: Ball 3-2: Strikes out swinging
|
| Top of the 3rd over - 0 runs, 0 hits, 0 errors, 1 left on base; Staten Island 0 - Lowell 3 |
| BOTTOM OF THE 3RD |
|
Lowell Spinners batting - Pitching for Staten Island Yankees : RHP Jake Bryant
|
|
Batting: SHB Salvador Padilla
|
0-0: Ball 1-0: Ball 2-0: Called Strike 2-1: Ball 3-1: Fly out, F8 (Flyball, 8LD, EV 86.2 MPH)
|
|
Batting: RHB Tony Gallegos
|
0-0: Ball 1-0: Called Strike 1-1: Ground out 5-3 (Groundball, 56S, EV 78.8 MPH)
|
|
Batting: RHB Raul Sanchez
|
0-0: Called Strike 0-1: SINGLE (Groundball, 34D, EV 103.1 MPH)
|
|
Batting: RHB Matt Parker
|
0-0: Ball 1-0: Foul Ball, location: 2F 1-1: Ball 2-1: Fielders Choice at 2nd, 5-4 (Groundball, 5, EV 79.4 MPH)
|
| Bottom of the 3rd over - 0 runs, 1 hit, 0 errors, 1 left on base; Staten Island 0 - Lowell 3 |
| TOP OF THE 4TH |
|
Staten Island Yankees batting - Pitching for Lowell Spinners : RHP Nherbert Silivan
|
|
Batting: RHB Edite Leoni
|
0-0: Ball 1-0: Ball 2-0: Swinging Strike 2-1: Ball 3-1: Called Strike 3-2: Foul Ball, location: 2F 3-2: Foul Ball, location: 2F 3-2: Ground out 6-3 (Groundball, 6MS, EV 73.8 MPH)
|
|
Batting: SHB Adam Slade
|
0-0: Ball 1-0: Ball 2-0: Ball 3-0: Called Strike 3-1: Called Strike 3-2: SINGLE (Groundball, 34D, EV 110.0 MPH)
|
|
Batting: RHB Matt Thompson
|
0-0: Foul Ball, location: 2F 0-1: Foul Ball, location: 2F 0-2: Strikes out looking
|
|
Batting: RHB Jesus Ruiz
|
0-0: Ball 1-0: Ball 2-0: Swinging Strike 2-1: Ball 3-1: Base on Balls Adam Slade to second
|
|
Batting: RHB Norimoto Miyanishi
|
0-0: Called Strike 0-1: Foul Ball, location: 2F 0-2: Ball 1-2: Strikes out swinging
|
| Top of the 4th over - 0 runs, 1 hit, 0 errors, 2 left on base; Staten Island 0 - Lowell 3 |
| BOTTOM OF THE 4TH |
|
Lowell Spinners batting - Pitching for Staten Island Yankees : RHP Jake Bryant
|
|
Batting: RHB Willie Camacho
|
0-0: Swinging Strike 0-1: Foul Ball, location: 2F 0-2: Strikes out swinging
|
|
Batting: LHB Robert Gonzalez
|
0-0: Swinging Strike 0-1: Ball 1-1: Foul Ball, location: 2F 1-2: Ball 2-2: Ball 3-2: Foul Ball, location: 2F 3-2: SINGLE (Groundball, 6D, EV 96.2 MPH)
|
|
Batting: RHB Jose Molina
|
0-0: Called Strike 0-1: Ball 1-1: Ball 2-1: Ball 3-1: 2-RUN HOME RUN (Line Drive, 9D, EV 106.9 MPH), Distance : 391 ft
|
|
Batting: RHB Aukukero Tairi
|
0-0: Ball 1-0: Ball 2-0: Foul Ball, location: 2F 2-1: Ball 3-1: Ground out 4-3 (Groundball, 4, EV 97.5 MPH)
|
|
Batting: RHB Xavier Joslin
|
0-0: Called Strike 0-1: Foul Ball, location: 2F 0-2: Ground out 6-3 (Groundball, 6, EV 104.4 MPH)
|
| Bottom of the 4th over - 2 runs, 2 hits, 0 errors, 0 left on base; Staten Island 0 - Lowell 5 |
| TOP OF THE 5TH |
|
Staten Island Yankees batting - Pitching for Lowell Spinners : RHP Nherbert Silivan
|
|
Pitching: RHP Jose Abanto
|
|
|
Batting: LHB Dario Segura
|
0-0: Ball 1-0: Called Strike 1-1: Ball 2-1: Ball 3-1: Base on Balls
|
|
Batting: RHB Pat Pemberton
|
0-0: Called Strike 0-1: Ball 1-1: Foul Ball, location: 2F 1-2: Ball 2-2: Foul Ball, location: 2F 2-2: Ball 3-2: Foul Ball, location: 2F 3-2: Base on Balls Dario Segura to second
|
|
Batting: SHB Tadaaki Kondo
|
0-0: Called Strike 0-1: Swinging Strike 0-2: Strikes out swinging
|
|
Batting: LHB Mike Schermerhorn
|
0-0: Ball 1-0: Foul Ball, location: 2F 1-1: Foul Ball, location: 2F 1-2: Foul Ball, location: 2F 1-2: Strikes out swinging
|
|
Batting: RHB Edite Leoni
|
0-0: Ball 1-0: Foul Ball, location: 2F 1-1: Ball 2-1: Swinging Strike 2-2: Foul Ball, location: 2F 2-2: Ball 3-2: Strikes out swinging
|
| Top of the 5th over - 0 runs, 0 hits, 0 errors, 2 left on base; Staten Island 0 - Lowell 5 |
| BOTTOM OF THE 5TH |
|
Lowell Spinners batting - Pitching for Staten Island Yankees : RHP Jake Bryant
|
|
Batting: SHB Salvador Padilla
|
0-0: Called Strike 0-1: Ball 1-1: Ball 2-1: Ball 3-1: Base on Balls
|
|
Pitching: LHP Colin Scott
|
|
|
Batting: RHB Tony Gallegos
|
0-0: Foul Ball, location: 2F 0-1: DOUBLE (Line Drive, 7LS, EV 108.1 MPH) Salvador Padilla to third
|
|
Batting: RHB Raul Sanchez
|
0-0: Ball 1-0: Fly out, F7 (Line Drive, 78M, EV 112.5 MPH)
|
|
Batting: RHB Matt Parker
|
0-0: Called Strike 0-1: Foul Ball, location: 2F 0-2: Foul Ball, location: 2F 0-2: DOUBLE (Groundball, 5L, EV 103.8 MPH) Salvador Padilla scores Tony Gallegos scores
|
|
Batting: RHB Willie Camacho
|
0-0: Called Strike 0-1: Called Strike 0-2: SINGLE (Groundball, 6M, EV 106.9 MPH) (infield hit) Matt Parker to third
|
|
Batting: LHB Robert Gonzalez
|
0-0: Ball 1-0: SINGLE (Line Drive, 7LS, EV 93.8 MPH) Matt Parker scores Willie Camacho to second
|
|
Batting: RHB Jose Molina
|
0-0: TRIPLE (Line Drive, 89XD, EV 109.4 MPH) Willie Camacho scores Robert Gonzalez scores
|
|
Pitching: RHP Nick Peters
|
|
|
Batting: RHB Aukukero Tairi
|
0-0: Ball Wild Pitch! Jose Molina scores 1-0: Called Strike 1-1: Ground out 5-3 (Groundball, 56, EV 86.2 MPH)
|
|
Batting: RHB Xavier Joslin
|
0-0: Ball 1-0: Called Strike 1-1: Foul Ball, location: 2F 1-2: Ball 2-2: Foul Ball, location: 2F 2-2: Ball 3-2: Base on Balls
|
|
Batting: SHB Salvador Padilla
|
0-0: Ball 1-0: Called Strike 1-1: Ball 2-1: Ball 3-1: Foul Ball, location: 2F 3-2: Foul Ball, location: 2F 3-2: Base on Balls Xavier Joslin to second
|
|
Batting: RHB Tony Gallegos
|
0-0: Reached on error, E3 (Groundball, 3, EV 85.0 MPH) Xavier Joslin to third Salvador Padilla to second
|
|
Pitching: RHP Ben Jennings
|
|
|
Batting: RHB Raul Sanchez
|
0-0: Swinging Strike 0-1: Ground out 6-3 (Groundball, P, EV 86.9 MPH)
|
| Bottom of the 5th over - 6 runs, 5 hits, 1 error, 3 left on base; Staten Island 0 - Lowell 11 |
| TOP OF THE 6TH |
|
Staten Island Yankees batting - Pitching for Lowell Spinners : RHP Jose Abanto
|
|
Batting: SHB Adam Slade
|
0-0: Called Strike 0-1: Ball 1-1: Swinging Strike 1-2: Ball 2-2: Foul Ball, location: 2F 2-2: Foul Ball, location: 2F 2-2: Strikes out swinging
|
|
Batting: RHB Matt Thompson
|
0-0: Ball 1-0: Foul Ball, location: 2F 1-1: Called Strike 1-2: Foul Ball, location: 2F 1-2: Foul Ball, location: 2F 1-2: Ball 2-2: Foul Ball, location: 2F 2-2: Strikes out looking
|
|
Batting: RHB Jesus Ruiz
|
0-0: Foul Ball, location: 2F 0-1: Ground out 5-3 (Groundball, 56, EV 100.0 MPH)
|
| Top of the 6th over - 0 runs, 0 hits, 0 errors, 0 left on base; Staten Island 0 - Lowell 11 |
| BOTTOM OF THE 6TH |
|
Lowell Spinners batting - Pitching for Staten Island Yankees : RHP Ben Jennings
|
|
Batting: RHB Matt Parker
|
0-0: Foul Ball, location: 2F 0-1: Foul Ball, location: 2F 0-2: Ground out 1-3 (Groundball, 15S, EV 75.0 MPH)
|
|
Batting: RHB Willie Camacho
|
0-0: Called Strike 0-1: Swinging Strike 0-2: Ball 1-2: Ground out 1-3 (Groundball, 13S, EV 70.0 MPH)
|
|
Batting: LHB Robert Gonzalez
|
0-0: Ball 1-0: Foul Ball, location: 2F 1-1: Called Strike 1-2: Ball 2-2: Ball 3-2: SINGLE (Groundball, 4MD, EV 103.1 MPH)
|
|
Batting: RHB Jose Molina
|
0-0: Ball 1-0: Foul Ball, location: 2F 1-1: Ball 2-1: DOUBLE (Groundball, 5L, EV 108.8 MPH) Robert Gonzalez to third Runner from 3rd tries for Home, SAFE, throw by LF to trailing runner, SAFE at third!
|
|
Batting: RHB Aukukero Tairi
|
0-0: Ball 1-0: Foul Ball, location: 2F 1-1: Called Strike 1-2: 2-RUN HOME RUN (Flyball, 78XD, EV 96.9 MPH), Distance : 405 ft
|
|
Batting: RHB Xavier Joslin
|
0-0: Ball 1-0: Ball 2-0: Ground out 4-3 (Groundball, 4, EV 89.4 MPH)
|
| Bottom of the 6th over - 3 runs, 3 hits, 0 errors, 0 left on base; Staten Island 0 - Lowell 14 |
| TOP OF THE 7TH |
|
Staten Island Yankees batting - Pitching for Lowell Spinners : RHP Jose Abanto
|
|
Batting: RHB Norimoto Miyanishi
|
0-0: Called Strike 0-1: Foul Ball, location: 2F 0-2: Foul Ball, location: 2F 0-2: Fly out, F8 (Flyball, 8LM, EV 98.8 MPH)
|
|
Batting: LHB Dario Segura
|
0-0: Called Strike 0-1: Foul Ball, location: 2F 0-2: Ball 1-2: Strikes out looking
|
|
Batting: RHB Pat Pemberton
|
0-0: Foul Ball, location: 2F 0-1: Foul Ball, location: 2F 0-2: Strikes out looking
|
| Top of the 7th over - 0 runs, 0 hits, 0 errors, 0 left on base; Staten Island 0 - Lowell 14 |
| BOTTOM OF THE 7TH |
|
Lowell Spinners batting - Pitching for Staten Island Yankees : RHP Ben Jennings
|
|
Pinch Hitting: RHB Randy Schmitt
|
0-0: Ball 1-0: Called Strike 1-1: Ball 2-1: Fly out, F8 (Flyball, 8RD, EV 96.9 MPH)
|
|
Pinch Hitting: RHB Josiah Russell
|
0-0: Foul Ball, location: 2F 0-1: Swinging Strike 0-2: Ball 1-2: Hit by Pitch
|
|
Batting: RHB Raul Sanchez
|
0-0: Foul Ball, location: 2F 0-1: Ball 1-1: Fielders Choice at 2nd, 3-6 (Groundball, 13, EV 90.0 MPH)
|
|
Batting: RHB Matt Parker
|
0-0: Ball 1-0: Called Strike 1-1: Swinging Strike 1-2: SINGLE (Line Drive, 78S, EV 104.4 MPH) Raul Sanchez to second
|
|
Pitching: LHP Jon Pierce
|
|
|
Batting: RHB Willie Camacho
|
0-0: Ball 1-0: Fly out, F8 (Flyball, 8LD, EV 101.2 MPH)
|
| Bottom of the 7th over - 0 runs, 1 hit, 0 errors, 2 left on base; Staten Island 0 - Lowell 14 |
| TOP OF THE 8TH |
|
Staten Island Yankees batting - Pitching for Lowell Spinners : RHP Jose Abanto
|
|
Pitching: RHP Mike Goodwin
|
|
|
Now at 1B: Josiah Russell
|
|
|
Now at 2B: Randy Schmitt
|
|
|
Now at 3B: Matt Parker
|
|
|
Batting: SHB Tadaaki Kondo
|
0-0: Fly out, F7 (Flyball, 7, EV 93.1 MPH)
|
|
Batting: LHB Mike Schermerhorn
|
0-0: Ball 1-0: Foul Ball, location: 2F 1-1: Ball 2-1: Called Strike 2-2: Ball 3-2: Base on Balls
|
|
Batting: RHB Edite Leoni
|
0-0: Ball 1-0: Called Strike 1-1: Fielders Choice at 2nd, 3-6 (Groundball, 13, EV 77.5 MPH)
|
|
Batting: SHB Adam Slade
|
0-0: Foul Ball, location: 2F 0-1: Ball 1-1: Foul Ball, location: 2F 1-2: Foul Ball, location: 2F 1-2: Ball 2-2: Foul Ball, location: 2F 2-2: Ground out 3-1 (Groundball, 34S, EV 80.0 MPH)
|
| Top of the 8th over - 0 runs, 0 hits, 0 errors, 1 left on base; Staten Island 0 - Lowell 14 |
| BOTTOM OF THE 8TH |
|
Lowell Spinners batting - Pitching for Staten Island Yankees : LHP Jon Pierce
|
|
Batting: LHB Robert Gonzalez
|
0-0: Foul Ball, location: 2F 0-1: Ball 1-1: Swinging Strike 1-2: Ball 2-2: Ball 3-2: Base on Balls
|
|
Batting: RHB Jose Molina
|
0-0: Ball 1-0: Foul Ball, location: 2F 1-1: Ball 2-1: Fly out, F8 (Flyball, 8RD, EV 101.9 MPH)
|
|
Pinch Hitting: RHB Curt Stallings
|
0-0: Ball 1-0: Ball 2-0: Called Strike 2-1: Ball 3-1: Base on Balls Robert Gonzalez to second
|
|
Batting: RHB Xavier Joslin
|
Balk! Robert Gonzalez to third Curt Stallings to second 0-0: Ball Wild Pitch! Robert Gonzalez scores Curt Stallings to third 1-0: Foul Ball, location: 2F 1-1: Ball 2-1: Ball 3-1: Called Strike 3-2: Strikes out swinging
|
|
Batting: RHB Randy Schmitt
|
0-0: Ball 1-0: Ball 2-0: Ball 3-0: Base on Balls
|
|
Batting: RHB Josiah Russell
|
0-0: Foul Ball, location: 2F 0-1: Foul Ball, location: 2F 0-2: Foul Ball, location: 2F 0-2: Ball 1-2: Foul Ball, location: 2F 1-2: Foul Ball, location: 2F 1-2: Foul Ball, location: 2F 1-2: Strikes out swinging, 2-3 out at first.
|
| Bottom of the 8th over - 1 run, 0 hits, 0 errors, 2 left on base; Staten Island 0 - Lowell 15 |
| TOP OF THE 9TH |
|
Staten Island Yankees batting - Pitching for Lowell Spinners : RHP Mike Goodwin
|
|
Now in CF: Curt Stallings
|
|
|
Batting: RHB Matt Thompson
|
0-0: Ball 1-0: Ball 2-0: Swinging Strike 2-1: Ball 3-1: Ground out 6-3 (Groundball, 56, EV 95.6 MPH)
|
|
Batting: RHB Jesus Ruiz
|
0-0: Foul Ball, location: 2F 0-1: Swinging Strike 0-2: Ground out 6-3 (Groundball, 6, EV 81.9 MPH)
|
|
Batting: RHB Norimoto Miyanishi
|
0-0: Called Strike 0-1: Ball 1-1: Ball 2-1: Foul Ball, location: 2F 2-2: Foul Ball, location: 2F 2-2: Foul Ball, location: 2F 2-2: Ball 3-2: Strikes out looking
|
| Top of the 9th over - 0 runs, 0 hits, 0 errors, 0 left on base; Staten Island 0 - Lowell 15 |
|